[Event "26th Womens ECCC 2022"]
[Site "Mayrhofen"]
[Date "2022.10.06"]
[Round "4.12"]
[White "Majdan, Joanna"]
[Black "Balajayeva, Khanim"]
[Result "1-0"]
[ECO "C26"]
[WhiteElo "2301"]
[BlackElo "2384"]
[Annotator "TA"]
[PlyCount "89"]
[EventDate "2022.10.03"]
[EventType "team-tourn"]
[EventCountry "AUT"]
[SourceTitle "playchess.com"]
[Source "ChessBase"]
[SourceQuality "1"]
[TimeControl "40/5400+30:1800+30"]

1. e4 e5 2. Nc3 Nf6 3. d4 exd4 4. Qxd4 Nc6 5. Qd3 Bb4 6. Bd2 {[%emt 0:01:07] C26: Vienna Game: 2...Nf6, sidelines .} O-O 7. O-O-O Re8 8. Nge2 {[%emt 0:00:38] The position is equal.} d6 9. Bg5 Bxc3 ({Black should play} 9... Bc5 $14) 10. Nxc3 $16 h6 11. Bh4 Ne5 {[%emt 0:13:13] [#]} 12. Qd4 $146 ({Predecessor:} 12. Qg3 Ng6 13. Bxf6 Qxf6 14. Nd5 Qd8 15. Bd3 c6 16. Nc3 b5 17. h4 b4 18. Ne2 {½-½ (78) Gong,Q (2348)-Sihite,C (2245) Ha Long 2022}) 12... g5 {[%emt 0:06:11] [#]} 13. Bg3 Qe7 (13... Bd7 $16 {was necessary.} 14. h4 Nh5) 14. f3 Ng6 (14... Qf8 $142 15. h4 g4) 15. Bb5 $18 Bd7 16. Bxd7 Nxd7 17. Nd5 {[%emt 0:00:59][%csl LRc7,LRe7] Against Qf6} Qd8 18. Kb1 Nde5 19. h4 gxh4 20. Bf2 Kh7 21. f4 Ng4 22. f5 {[%emt 0:01:14][%mdl 64] Deflection} N6e5 23. Bxh4 f6 24. Qd2 Rf8 (24... Nf7 $142 25. Qc3 Re5) 25. Bg3 Nf7 26. Rh4 Rg8 27. Rdh1 c6 28. Ne3 (28. Nf4 $142) 28... Nxe3 $2 (28... Nge5) 29. Qxe3 {[%emt 0:00:46][%cal Rh4h6] White threatens Rxh6+ and mate.} Kg7 30. Bf4 Kf8 31. Bxh6+ Ke7 32. Bf4 {[%emt 0:02:38] Threatens to win with Rh7.} ({Don't do} 32. Qb3 Qd7 33. Be3 Rg7 $18) 32... Rxg2 (32... Rg7 $142 33. Rh7 Qg8) 33. Qb3 Qd7 {[%emt 0:04:35] Against Qe6+} 34. Rh7 Rf8 35. Bh6 {[%emt 0:01:27] Black must now prevent e5.} Rgg8 36. a3 b6 37. Bxf8+ Rxf8 38. Rg1 d5 39. Rgg7 Ke8 40. exd5 cxd5 41. Qc3 (41. Qg3 $142 Qd6 42. Qxd6 Nxd6 43. Re7+ Kd8 44. Rd7+ Kc8 45. Rxd6) 41... d4 42. Qf3 {[%emt 0:00:00] White mates.} Kd8 43. Qa8+ Ke7 44. Qe4+ Kd8 45. Qe6 {[%emt 0:00:00] Black did not feel at home in the position after the opening.  Weighted Error Value: White=0.32/Black=0.74} 1-0

[Event "26th Womens ECCC 2022"]
[Site "Mayrhofen"]
[Date "2022.10.06"]
[Round "4.13"]
[White "Sukandar, Irine Kharisma"]
[Black "Buksa, Nataliya"]
[Result "1/2-1/2"]
[ECO "D37"]
[WhiteElo "2401"]
[BlackElo "2413"]
[Annotator "TA"]
[PlyCount "100"]
[EventDate "2022.10.03"]
[EventType "team-tourn"]
[EventCountry "AUT"]
[SourceTitle "playchess.com"]
[Source "ChessBase"]
[SourceQuality "1"]
[TimeControl "40/5400+30:1800+30"]

1. d4 d5 2. c4 e6 3. Nf3 Nf6 4. Nc3 Nbd7 5. Bf4 Bb4 6. cxd5 exd5 7. e3 Ne4 {[%emt 0:02:05] 7...c5 is not played anymore. D35: Queen's Gambit Declined: Exchange Variation.} 8. Qb3 c5 9. dxc5 Qa5 (9... Bxc3+ $5 10. bxc3 Ndxc5 $11) 10. a3 Bxc3+ 11. bxc3 {[%emt 0:00:08] [#]} O-O $146 ({Predecessor:} 11... Nxc3 12. Qb4 Qxc5 13. Qxc5 Nxc5 14. Be5 N3e4 15. Bxg7 Rg8 16. Be5 Bd7 17. Nd4 f6 {1-0 (43) Borges Matos,J (2482)-Del Valle Millan,D (1953) La Roda 2007}) 12. Qb4 Qxc5 13. Rc1 (13. Nd4 $5 ) 13... a5 14. Qxc5 Ndxc5 {[%emt 0:01:22] Pair of Knights!} 15. Nd4 {[%emt 0:02:24] Inhibits Nb3. And now f3 would win.} g5 16. Bc7 {[%emt 0:01:02] [#] Strongly threatening f3.} Be6 17. f3 Rfc8 18. Bg3 Nxg3 19. hxg3 a4 20. Rd1 Kg7 {[%emt 0:03:16] The position is equal.} 21. g4 Nb3 22. Nxe6+ fxe6 23. c4 Ra5 24. f4 d4 25. exd4 gxf4 26. Bd3 h6 27. O-O Nxd4 28. Rxf4 Nc6 29. Be4 {[%emt 0:00:51] [#] Black must now prevent Rd7+.} Ne5 {[%emt 0:00:07] Inhibits Rd7+.} 30. Rb1 Rc7 31. Rxb7 Rac5 32. Rb6 Re7 33. Rb5 Rec7 34. Rb6 Re7 35. Rb5 Rec7 36. Rb6 Rf7 37. Rxf7+ Kxf7 38. Rb5 Rxc4 39. Rxe5 $11 {[%emt 0:00:30][%mdl 4096] Endgame KRB-KR} Kf6 40. Rh5 Rxe4 41. Rxh6+ {[%emt 0:30:15] KR-KR} Kg5 42. Rh8 Re3 43. Rh3 Rb3 44. Kf2 Kxg4 45. Re3 Kf4 46. Rxe6 Rxa3 47. Ke2 Rg3 48. Kd1 a3 49. Kc1 Rxg2 (49... a2 $5 50. Kb2 $8 Kf5 $11) 50. Kb1 a2+ {[%emt 0:00:00] Weighted Error Value: White=0.04 (flawless) /Black=0.04 (flawless)} 1/2-1/2

[Event "26th Womens ECCC 2022"]
[Site "Mayrhofen"]
[Date "2022.10.06"]
[Round "4.14"]
[White "Gaponenko, Inna"]
[Black "Houska, Jovanka"]
[Result "1/2-1/2"]
[ECO "B13"]
[WhiteElo "2348"]
[BlackElo "2354"]
[Annotator "TA"]
[PlyCount "85"]
[EventDate "2022.10.03"]
[EventType "team-tourn"]
[EventCountry "AUT"]
[SourceTitle "playchess.com"]
[Source "ChessBase"]
[SourceQuality "1"]
[TimeControl "40/5400+30:1800+30"]

1. e4 c6 2. d4 d5 3. exd5 cxd5 4. Bd3 Nc6 5. c3 Qc7 6. h3 g6 7. Nf3 Nf6 8. O-O {[%emt 0:00:36] B13: Caro-Kann: Exchange Variation and Panov-Botvinnik Attack.} Bf5 9. Be2 e6 {[%emt 0:01:31] [#]} 10. Qa4 $146 ({Predecessor:} 10. Re1 h6 11. Nbd2 Bd6 12. Nf1 O-O-O 13. Ne3 Kb8 14. b4 g5 15. Nxf5 exf5 16. Qd3 {0-1 (60) Hansen,E (2606)-Van Foreest,J (2714) Oslo 2022}) 10... Be7 11. Bb5 Nd7 12. Re1 a6 13. Bf1 h5 $36 {[%emt 0:06:12][%mdl 2048] Black is pushing.} 14. b4 (14. Qd1 $11) 14... Kf8 15. b5 (15. Bg5 $15) 15... Nb6 $17 16. Qd1 axb5 17. Bxb5 Kg7 18. a4 Na5 19. Ba3 {[%emt 0:00:30] [#]} (19. Bf1 $142) 19... Bxa3 $1 20. Rxa3 Nac4 21. Ra2 Nd6 22. Qb3 Rhc8 (22... Ra5 $142 23. Na3 Rc8) 23. Bf1 Nbc4 24. Na3 Nxa3 25. Rxa3 Ne4 26. Re3 g5 27. Bd3 g4 28. Bxe4 dxe4 29. Nh4 Bh7 30. hxg4 hxg4 31. g3 Ra6 32. Qd1 Bf5 33. Rb3 Rc6 (33... Rxa4 $11 34. Re1 Qc4) 34. Rb5 {[%emt 0:00:15] White is more active.} (34. d5 $14 Rc5 35. Qd4+ f6 36. Rxe4 Bxe4 37. Qxe4 Rxd5 38. Qg6+ (38. Qxg4+ Kf7 $11) 38... Kh8 39. Qxf6+ Qg7 40. Qxe6 Rd1+ 41. Kg2) 34... Rxc3 $11 {[%emt 0:00:38] The position is equal.} ({Much less strong is} 34... Qd7 35. Qd2 $14) 35. Rxc3 Qxc3 36. Nxf5+ exf5 37. Rxf5 Qc1 38. Qxc1 Rxc1+ {[%emt 0:00:04] KR-KR} 39. Kg2 Kg6 40. Rb5 Rc4 41. a5 Rxd4 42. Rxb7 Ra4 43. Re7 {[%emt 0:00:32] Weighted Error Value: White=0.12 (very precise) /Black=0.11 (very precise)} 1/2-1/2

[Event "26th Womens ECCC 2022"]
[Site "Mayrhofen"]
[Date "2022.10.06"]
[Round "4.15"]
[White "Arakhamia-Grant, Ketevan"]
[Black "Doluhanova, Evgeniya"]
[Result "1/2-1/2"]
[ECO "C65"]
[WhiteElo "2333"]
[BlackElo "2264"]
[Annotator "TA"]
[PlyCount "57"]
[EventDate "2022.10.03"]
[EventType "team-tourn"]
[EventCountry "AUT"]
[SourceTitle "playchess.com"]
[Source "ChessBase"]
[SourceQuality "1"]
[TimeControl "40/5400+30:1800+30"]

1. e4 e5 2. Nf3 Nc6 3. Bb5 Nf6 4. d3 Bc5 5. Bxc6 dxc6 6. Nbd2 {[%emt 0:00:16] C65: Ruy Lopez: Berlin Defence (3...Nf6), unusual lines and 4 0-0 Bc5.} Be6 7. Qe2 Nd7 8. Nc4 {[%emt 0:02:10] The position is equal.} f6 9. Bd2 Qe7 {[%emt 0:00:58] [#]} 10. a3 $146 ({Predecessor:} 10. Ne3 Bxe3 11. Qxe3 c5 12. O-O O-O 13. Nh4 Rad8 14. f4 exf4 15. Qxf4 Ne5 16. Bc3 Nc6 17. Rae1 Qd6 18. Qxd6 {½-½ (18) Lobanov,S (2457)-Sargsyan,S (2431) Jermuk 2017}) 10... a6 (10... Bxc4 $5 11. dxc4 a5 $15) 11. Ne3 Bxe3 12. Bxe3 Bg4 13. h3 Bxf3 14. Qxf3 Nc5 15. O-O-O Ne6 16. d4 exd4 17. Bxd4 Ng5 18. Qf5 Ne6 {[%emt 0:05:02] Against Bc5} 19. Bc3 O-O 20. h4 {[%emt 0:00:40] White is much more active.} Rad8 21. e5 fxe5 22. Qxe5 {[%emt 0:00:42] [#] Rxd8 is the strong threat.} Qf7 23. g3 Rfe8 24. Rxd8 Nxd8 25. Qd4 Ne6 26. Qe3 Nf8 27. Qd4 (27. Qa7 $5 ) 27... Ne6 28. Qe3 (28. Qd2 $11) 28... Nf8 $16 29. Qd4 {[%emt 0:00:50] Weighted Error Value: White=0.13 (very precise) /Black=0.08 (flawless)} ({White should play} 29. Qa7 $16) 1/2-1/2

[Event "26th Womens ECCC 2022"]
[Site "Mayrhofen"]
[Date "2022.10.06"]
[Round "4.16"]
[White "Tarleva, Diana"]
[Black "Hunt, Harriet V"]
[Result "0-1"]
[ECO "B22"]
[WhiteElo "2175"]
[BlackElo "2359"]
[Annotator "TA"]
[PlyCount "60"]
[EventDate "2022.10.03"]
[EventType "team-tourn"]
[EventCountry "AUT"]
[SourceTitle "playchess.com"]
[Source "ChessBase"]
[SourceQuality "1"]
[TimeControl "40/5400+30:1800+30"]

1. e4 c5 2. c3 d5 3. exd5 Qxd5 4. Na3 Nf6 5. Nf3 e6 6. d4 cxd4 7. Nb5 Na6 8. Qxd4 Be7 {[%emt 0:07:31] [#] B22: Sicilian: 2 c3.} 9. Bf4 $146 ({Predecessor:} 9. Be3 b6 10. Be2 Bb7 11. O-O O-O 12. Rfd1 Qxd4 13. Bxd4 Nc5 14. Be5 Nce4 15. h3 Bc5 16. Bd4 {1-0 (51) Pavasovic,D (2475)-Moldobaev,E (2490) Elista 1998}) 9... O-O 10. Qxd5 Nxd5 {[%emt 0:01:45] The position is equal.} 11. Bd6 Bxd6 12. Nxd6 Nc5 13. Bc4 Rd8 14. Bxd5 (14. Nxc8 $11 Raxc8 15. Rb1) 14... Nd3+ ({Much worse is} 14... exd5 15. Nxc8 (15. b4 Nd3+ 16. Kd2 Nxf2 $17) 15... Re8+ 16. Kd2 Raxc8 17. Rhf1 $11) (14... Rxd6 $15 15. Bc4 b5) 15. Ke2 (15. Kd2 $11 Nxf2 16. Nxc8 Nxh1 17. Ke2 (17. Ne7+ Kf8 $11) 17... exd5 18. Ne7+ Kf8 19. Nf5) 15... Nf4+ $17 16. Kf1 Rxd6 ({Don't play} 16... exd5 $6 17. Nxc8 (17. Re1 Be6 $15) 17... Raxc8 18. Rd1 $11) 17. Bc4 b5 18. Be2 Ba6 {[%emt 0:05:42] Black is more active.} 19. Rc1 Rc8 20. Ne1 $2 {[%emt 0:00:22] Now White is beyond hope.} (20. h4 $17 {is a better chance.}) 20... Rd2 $1 $19 21. Rc2 Rcd8 (21... Rxe2 $142 22. Rxe2 b4) 22. Bf3 b4+ 23. Kg1 bxc3 24. bxc3 Be2 $40 {[%emt 0:06:44][%mdl 128] [#] And now ...Rxc2 would win. Black attacks with force.} 25. Rxd2 Rxd2 26. Bxe2 (26. h4 $142) 26... Nxe2+ {[%emt 0:00:18] KRN-KRN. Black is winning.} 27. Kf1 Nxc3 28. a3 Nd1 29. Nf3 Rxf2+ 30. Ke1 {[%emt 0:00:26] [#]} Ra2 $1 {[%emt 0:00:07] Weighted Error Value: White=0.56/Black=0.32} 0-1

[Event "26th Womens ECCC 2022"]
[Site "Mayrhofen"]
[Date "2022.10.06"]
[Round "4.17"]
[White "Katkov, Michelle"]
[Black "Rakhmangulova, Anastasiya"]
[Result "0-1"]
[ECO "B22"]
[WhiteElo "2219"]
[BlackElo "2261"]
[Annotator "TA"]
[PlyCount "100"]
[EventDate "2022.10.03"]
[EventType "team-tourn"]
[EventCountry "AUT"]
[SourceTitle "playchess.com"]
[Source "ChessBase"]
[SourceQuality "1"]
[TimeControl "40/5400+30:1800+30"]

1. e4 c5 2. c3 Nf6 3. e5 Nd5 4. d4 cxd4 5. cxd4 d6 6. Nf3 Nc6 7. Bc4 Nb6 8. Bb5 Bd7 9. Nc3 {[%emt 0:02:26] 9.Nc3 is better than 9.exd6.} dxe5 {[%emt 0:00:15] B22: Sicilian: 2 c3.} 10. dxe5 g6 11. O-O Bg7 {[%emt 0:00:06] The position is equal.} 12. Bf4 O-O 13. h3 a6 14. Bd3 Qc7 15. Qe2 Rad8 16. Rac1 Be6 {[%emt 0:03:12] [#]} 17. b3 $146 (17. Ng5 {seems wilder.} Nd4 18. Qe3 Nc4 19. Bxc4 Qxc4 20. Rfd1) ({Predecessor:} 17. Qe3 Bc4 18. e6 Qc8 19. Rfd1 Bxd3 20. Qxb6 Qxe6 21. Qxb7 Rd7 22. Qb6 Nd4 23. Qxe6 Nxf3+ 24. gxf3 fxe6 {0-1 (50) Ghaem Maghami,E (2540)-Firouzja,A (2618) Moscow 2019}) 17... Nd5 {[%emt 0:08:39] Prevents Qe3.} 18. Nxd5 Bxd5 19. Be4 Bxe4 20. Qxe4 Qa5 21. a4 Qd5 22. Qe3 Qd3 23. Qb6 Nd4 (23... Rd7 $1 $15) 24. Nxd4 $11 Qxd4 (24... Rxd4 {is more complex.} 25. Be3 Rd7 26. e6 Bd4) 25. Qxd4 Rxd4 26. Bg3 Rb4 27. Rc3 Rd8 28. Re1 h5 29. f4 Bh6 30. e6 f6 ({But not} 30... Bxf4 31. exf7+ Kxf7 32. Bxf4 Rxf4 33. Rc7 $14) 31. Rf1 h4 (31... Kf8 $17) 32. Bxh4 (32. Bf2 $1 $11 {keeps the balance.}) 32... Bxf4 $17 {[%emt 0:00:07] Black continues to play with concentration.} 33. Bf2 Be5 34. Rf3 Re4 35. Rc1 Rd6 36. Re3 Rxe3 37. Bxe3 Rxe6 $19 {[%emt 0:00:17][%mdl 4096] Endgame KRB-KRB} 38. Kf2 f5 39. Kf3 Kf7 40. Rc4 (40. Rc5 $142) 40... Rc6 41. Rb4 Rc7 42. g4 $2 (42. Rb6) 42... Bc3 43. Rc4 Rxc4 44. bxc4 {[%emt 0:00:05] KB-KB} e5 45. h4 $2 (45. Bb6 Bb4 46. Ke2) 45... e4+ 46. Kf4 Kf6 {[%emt 0:00:39][%csl Gf6][%cal Rc3e5] [#]} 47. Bc1 Be5+ 48. Ke3 g5 49. Kf2 gxh4 50. gxf5 Kxf5 {[%emt 0:00:08] Weighted Error Value: White=0.49/Black=0.07 (flawless)} (50... h3 $142 51. Bd2 Kxf5 52. Kg1 Kg4 53. Bh6 Bd4+ 54. Kh2 e3 55. a5 b6 56. axb6 Bxb6 57. Kh1 a5 58. Bg7 e2 59. Bc3 a4 60. c5 Bxc5 61. Be1 a3 62. Bc3 {[#]} Bd4 $1 63. Be1 a2 64. Kh2 a1=Q 65. Kh1 Qxe1+ 66. Kh2 Qg1#) 0-1

[Event "26th Womens ECCC 2022"]
[Site "Mayrhofen"]
[Date "2022.10.06"]
[Round "4.18"]
[White "Belenkaya, Dina"]
[Black "Federovski, Adi"]
[Result "1-0"]
[ECO "B30"]
[WhiteElo "2263"]
[BlackElo "1967"]
[Annotator "TA"]
[PlyCount "82"]
[EventDate "2022.10.03"]
[EventType "team-tourn"]
[EventCountry "AUT"]
[SourceTitle "playchess.com"]
[Source "ChessBase"]
[SourceQuality "1"]
[TimeControl "40/5400+30:1800+30"]

1. e4 c5 2. Nf3 Nc6 3. Bb5 e6 4. O-O Nge7 5. Re1 a6 6. Bf1 d5 7. d3 d4 {[%emt 0:00:21] B30: Sicilian: 2...Nc6 3 Bb5, lines without ...g6.} 8. e5 Ng6 {[%emt 0:08:35] The old main line.} 9. a4 Be7 {[%emt 0:01:39] The position is equal.} 10. Nbd2 {[%emt 0:01:20] [#]} O-O $146 ({Predecessor:} 10... Rb8 11. g3 O-O 12. Bg2 f6 13. exf6 gxf6 14. h4 Bd7 15. Ne4 e5 16. Bh6 Re8 {0-1 (45) Sarbok,T (2367)-Gustafsson,J (2628) Germany 2014}) 11. g3 Qc7 12. Nc4 b6 13. h4 Bb7 14. h5 Nh8 (14... b5 $1 $14) 15. h6 $16 g6 16. Bf4 Nb4 17. Nd6 $2 (17. Ncd2 $16 {and life is bright.}) 17... Bxf3 $17 18. Qxf3 Nxc2 19. Ne4 $1 Qd8 20. Qg4 $1 Nxa1 21. Rxa1 Rc8 22. b3 Rb8 23. Bg2 a5 24. Rc1 Rc8 25. Bh3 Rc6 26. Re1 Rc8 $2 {[%emt 0:04:30] [#]} (26... Re8 $1 $11) 27. Bg5 $1 $16 {[%emt 0:08:50] White is much more active. The black rooks are badly placed.} Bxg5 28. Nxg5 Rc6 29. Bg2 {[%emt 0:06:54][%mdl 1024] White has strong compensation.} Rc7 (29... f5 $16 {was necessary.} 30. exf6 Rd6) 30. Qf4 $18 Rc8 $2 (30... Re8 $16 31. Re2 Ra7) 31. Bh3 $2 (31. Bb7 $18 Rb8 32. Bc6) 31... Rc6 (31... Re8 $142) 32. Bg2 (32. Re2 $16) 32... Rc8 $1 33. Re2 {[%emt 0:02:13] And now Bb7 would win.} Rc7 34. g4 ({Don't take} 34. Ne4 $6 f5 35. Nf6+ Rxf6 36. exf6 Kf7 $14) 34... Rc8 (34... Re8 $142 35. Ne4 Qh4) 35. Re1 $40 {[%emt 0:00:21][%cal Be2e1,Be1e6,Be6e7][%mdl 160] Black must now prevent Bb7. White has strong attack.} Rb8 $2 (35... Qe7 {is more resistant.}) 36. Ne4 {[%emt 0:01:27] Intending Qf6 and mate.} f5 {[%emt 0:00:42] [#]} 37. Nf6+ Rxf6 (37... Kf7 $142 38. Qh2 Ke7) 38. exf6 Nf7 39. Rxe6 fxg4 {[%emt 0:00:27] [#]} 40. Bd5 $1 {[%emt 0:02:21][%mdl 512] Threatening mate with Re7.} Kh8 (40... Rc8 41. Bc4) 41. Re7 Qd6 {Weighted Error Value: White=0.38/Black=0.57} 1-0

[Event "26th Womens ECCC 2022"]
[Site "Mayrhofen"]
[Date "2022.10.06"]
[Round "4.19"]
[White "Reprun, Nadejda"]
[Black "Orian, Noga"]
[Result "1/2-1/2"]
[ECO "B90"]
[WhiteElo "1968"]
[BlackElo "1940"]
[Annotator "TA"]
[PlyCount "61"]
[EventDate "2022.10.03"]
[EventType "team-tourn"]
[EventCountry "AUT"]
[SourceTitle "playchess.com"]
[Source "ChessBase"]
[SourceQuality "1"]
[TimeControl "40/5400+30:1800+30"]

1. e4 c5 2. Nf3 d6 3. d4 cxd4 4. Nxd4 Nf6 5. Nc3 a6 6. f3 e5 7. Nb3 Be6 8. Be3 Be7 9. Qd2 Nbd7 10. g4 O-O 11. O-O-O b5 12. g5 Nh5 13. Nd5 Bxd5 {[%emt 0:00:04] B90: Sicilian Najdorf: Unusual White 6th moves, 6 Be3 Ng4 and 6 Be3 e5.} 14. exd5 f6 {[%emt 0:00:29] 14...f6 scores better than 14...f5.} 15. Na5 Qe8 {[%emt 0:06:40] [#] The position is equal.} 16. Nc6 $146 ({Predecessor:} 16. gxf6 Bxf6 17. Kb1 Nf4 18. Nc6 Bd8 19. Nxd8 Qxd8 20. c4 bxc4 21. Bxc4 Nb6 22. Bf1 {1-0 (52) Andriuschenko,N (2486)-Severinov,V (2415) ICCF email 2009}) 16... Nb8 (16... fxg5 $15 {keeps the upper hand.} 17. Nxe7+ Qxe7) 17. Nxe7+ $16 Qxe7 18. gxf6 (18. g6 $5) 18... Nxf6 19. Rg1 Kh8 20. Bh3 a5 21. Be6 Na6 22. f4 $1 ({Weaker is} 22. Qxa5 Nc7 23. Qc3 Rxa2 $17) 22... Nc7 23. fxe5 dxe5 24. Qg2 Nxe6 25. dxe6 {[%emt 0:00:07][%cal Oe3c5] Threatens to win with Bc5!} Rac8 {[%emt 0:14:54] Prevents Bc5.} ({Better is} 25... Rg8 $14) 26. Qg5 {[%emt 0:07:05][%cal Od1d7] Strongly threatening Rd7!} Rfe8 {[%emt 0:04:24] [#]} 27. Qxe5 {[%emt 0:03:27] White is much more active.} ({White should try} 27. Rd6 $1 $16) 27... Qxe6 $14 28. Qxe6 Rxe6 29. Bd4 Re2 30. Rd2 Rxd2 31. Kxd2 {[%emt 0:00:02] Weighted Error Value: White=0.18 (very precise) /Black=0.26 (precise)} 1/2-1/2

[Event "26th Womens ECCC 2022"]
[Site "Mayrhofen"]
[Date "2022.10.06"]
[Round "4.20"]
[White "Golovchanskaya, Alina"]
[Black "Vardi, Shlomit"]
[Result "0-1"]
[ECO "A04"]
[WhiteElo "1684"]
[BlackElo "1769"]
[Annotator "NA RC COMBH"]
[PlyCount "96"]
[EventDate "2022.10.03"]
[EventType "team-tourn"]
[EventCountry "AUT"]
[SourceTitle "playchess.com"]
[Source "ChessBase"]
[SourceQuality "1"]
[TimeControl "40/5400+30:1800+30"]

1. Nf3 g6 2. c4 d6 3. Nc3 Bg7 4. g3 e5 5. Bg2 f5 6. d3 Nc6 7. Bg5 Nce7 8. Qc2 h6 9. Be3 Nf6 10. c5 Ng4 11. Nb5 Nxe3 12. fxe3 d5 13. d4 a6 14. Nc3 e4 15. Nd2 O-O 16. b4 c6 17. Na4 Be6 18. Nb6 Rb8 19. a4 f4 20. exf4 Bxd4 21. O-O-O Nf5 22. Bh3 Qf6 23. Bxf5 Bxf5 24. Qb3 Qe6 25. e3 Bg7 26. Nb1 Rfd8 27. Nc3 Kh7 28. Ne2 Bg4 29. Rd2 Bxe2 30. Rxe2 Qf6 31. Rhe1 Qc3+ 32. Qxc3 Bxc3 33. Rd1 Bxb4 34. Rc2 Ba5 35. Rb2 Bc3 36. Rc2 Bf6 37. Rcd2 g5 38. Rg2 Be7 39. Rc2 Kg6 40. Kb2 a5 41. Kb3 gxf4 42. gxf4 Kf5 43. h3 Ke6 44. Rg1 Rg8 45. Rf1 Rbd8 46. f5+ Kf6 47. h4 Rg3 48. Re2 Bxc5 0-1

[Event "26th Womens ECCC 2022"]
[Site "Mayrhofen"]
[Date "2022.10.06"]
[Round "4.21"]
[White "Muzychuk, Mariya"]
[Black "Krasteva, Beloslava"]
[Result "1-0"]
[ECO "B22"]
[WhiteElo "2527"]
[BlackElo "2287"]
[Annotator "TA"]
[PlyCount "69"]
[EventDate "2022.10.03"]
[EventType "team-tourn"]
[EventCountry "AUT"]
[SourceTitle "playchess.com"]
[Source "ChessBase"]
[SourceQuality "1"]
[TimeControl "40/5400+30:1800+30"]

1. e4 c5 2. c3 d5 3. exd5 Qxd5 4. d4 Nf6 5. Nf3 e6 6. Na3 Nc6 7. Be3 cxd4 {[%emt 0:02:20] B22: Sicilian: 2 c3.} (7... Ng4 {is interesting.} 8. Bg5 Bd7 9. h3 Nf6) 8. Nb5 $1 (8. Nxd4 Bxa3 9. bxa3 O-O $15) 8... Qd7 {[%emt 0:03:28] Inhibits Nc7+.} 9. Nbxd4 a6 {[%emt 0:04:19] Prevents Bb5. The position is equal. 9...Be7 is becoming the main line.} 10. Nxc6 Qxc6 11. Bd3 {[%emt 0:00:31] [#]} Be7 $146 ({Predecessor:} 11... Bd6 12. Bd4 b5 13. Bxf6 gxf6 14. Nd2 f5 15. Be2 Bb7 16. Bf3 Qc7 17. c4 Rd8 18. Bxb7 Qxb7 {0-1 (42) Al Shamsi,O (1469)-Yasmin,A (1509) Ajman 2019}) 12. Qe2 O-O (12... b5 $11 {remains equal.}) 13. O-O-O ({White should try} 13. Bd4 $16) 13... Qc7 ({Better is} 13... b5 $11) 14. Bd4 $14 Nd5 (14... Bd7 $14) 15. Be5 {[%emt 0:06:11] White is more active.} Qa5 16. Kb1 $1 $40 {[%emt 0:03:30][%mdl 128] Black is in trouble.} ({Of course not} 16. Qe4 g6 $11) 16... Rd8 ({Black should play} 16... Bd7) 17. Qe4 $16 g6 (17... f5 $16 18. Qe2 Bd7) 18. h4 $1 $18 Nf6 19. Qe2 h5 20. Bd4 Ng4 21. Nd2 Qc7 22. Nc4 {[%emt 0:01:21] Inhibits e5. Bb6 is the strong threat.} Bc5 {[%emt 0:02:08] Against Bb6} 23. f3 Bxd4 24. fxg4 ({Less strong is} 24. cxd4 Nf6 $14) 24... Bg7 25. gxh5 gxh5 26. Qxh5 {[%emt 0:01:10] Strongly threatening Qh7+.} f5 27. Qg5 {[%emt 0:23:20] Black must now prevent h5.} b5 {[%emt 0:00:42] [#]} 28. Ne5 Bb7 29. Rhe1 {[%emt 0:00:12] aiming for h5.} Rd5 (29... Rac8 $142 30. g4 Be4) 30. Ng6 {[%emt 0:01:31][%cal Be5g6,Bg6f4,Bf4e6,Be6g7][%mdl 32] Hoping for Ne7+.} Kf7 {[%emt 0:01:09] Inhibits Ne7.} (30... Rd6 31. Bc2 Rad8 32. Rxd6 Rxd6) 31. Nf4 {[%emt 0:00:46] White is clearly winning.} Re5 {[%emt 0:02:31] [#]} 32. Qg6+ (32. Nxe6 $142 $1 Rxe6 33. Rxe6 (33. Qxf5+ Rf6 $14)) 32... Kg8 33. Nxe6 Qf7 34. Qxg7+ Qxg7 35. Nxg7 {[%emt 0:00:03] Weighted Error Value: White=0.18 (very precise) /Black=0.39} 1-0

[Event "26th Womens ECCC 2022"]
[Site "Mayrhofen"]
[Date "2022.10.06"]
[Round "4.22"]
[White "Radeva, Viktoria"]
[Black "Unuk, Laura"]
[Result "1/2-1/2"]
[ECO "C47"]
[WhiteElo "2263"]
[BlackElo "2297"]
[Annotator "TA"]
[PlyCount "53"]
[EventDate "2022.10.03"]
[EventType "team-tourn"]
[EventCountry "AUT"]
[SourceTitle "playchess.com"]
[Source "ChessBase"]
[SourceQuality "1"]
[TimeControl "40/5400+30:1800+30"]

1. e4 e5 2. Nf3 Nc6 3. Nc3 Nf6 4. d4 exd4 5. Nxd4 Bb4 6. Nxc6 bxc6 7. Bd3 O-O 8. O-O d5 9. Bd2 Rb8 {[%emt 0:01:29] [#] C47: Scotch Four Knights and Four Knights with 4 g3.} 10. Qf3 $146 ({Predecessor:} 10. Re1 dxe4 11. Nxe4 Nxe4 12. Rxe4 Bxd2 13. Qxd2 Bf5 14. Re3 Bxd3 15. Rxd3 Qf6 16. Qc3 Qxc3 17. Rxc3 Rxb2 18. Rxc6 Rd8 19. g3 g6 20. Rxc7 Rd2 21. Rxa7 Rdxc2 22. Rf1 Rxa2 23. Rxa2 Rxa2 {½-½ (23) Karjakin,S (2747)-Kramnik,V (2753) Krasnogorsk 2022}) 10... Bg4 11. Qf4 {[%emt 0:07:33] [#] Strongly threatening e5.} Qd7 (11... Be6 $11) 12. h3 $1 $14 {[%emt 0:10:22] And now e5 would win.} dxe4 13. Nxe4 Nxe4 14. Qxe4 Bf5 15. Qxf5 Qxf5 16. Bxf5 Bxd2 17. Rad1 Rfd8 18. b3 Kf8 19. Be4 (19. Bxh7 $2 g6 20. Bxg6 fxg6 $17) 19... c5 20. Bd3 ({Worse is} 20. Bxh7 g6 21. Bxg6 fxg6 $19) 20... Bc3 21. g4 (21. Bxh7 $2 g6 22. g3 Kg7 23. Bxg6 (23. Rxd8 $2 Rxd8 24. Bxg6 Kxg6 $19) 23... fxg6 $19) 21... Rd6 22. Kg2 h6 23. f4 Re8 24. Bc4 Bd2 25. Bd3 Bc3 26. Bc4 Bd2 27. Bd3 {[%emt 0:02:07] Weighted Error Value: White=0.07 (flawless) /Black=0.11 (very precise)} 1/2-1/2